 Dungeon Crawl Stone Soup version 0.22-a0-379-ga9d99d6 (webtiles) character file.

103 JeffiDaFish the Grave Robber (level 4, -7/33 HPs)
             Began as a Draconian Necromancer on Apr 28, 2018.
             Killed by nerve-wracking pain
             ... invoked by JeffiDaFish's ghost
              (10 damage)
             ... on level 3 of the Dungeon.
             The game lasted 00:04:05 (3046 turns).

JeffiDaFish the Grave Robber (DrNe)                 Turns: 3046, Time: 00:04:06

Health: -7/33      AC:  6    Str: 10    XL:     4   Next: 51%
Magic:  8/8        EV: 17    Int: 17    God:
Gold:   24         SH:  0    Dex: 16    Spells: 4/8 levels left

rFire    . . .     SeeInvis .   e - +0 dagger
rCold    . . .     Gourm    .   (no shield)
rNeg     . . .     Faith    .   (armour unavailable)
rPois    .         Spirit   .   d - +1 hat
rElec    .         Reflect  .   (no cloak)
rCorr    .         Harm     .   (no gloves)
MR       .....                  (no boots)
Stlth    +++.......             (no amulet)
HPRegen  0.11/turn              c - ring of flight
MPRegen  0.11/turn              (no ring)

@: agile, heavily drained
A: unfitting armour, cold-blooded, AC +5
a: Evoke Flight


You were on level 3 of the Dungeon.
You were not hungry.

You visited 1 branch of the dungeon, and saw 3 of its levels.

You collected 24 gold pieces.

Inventory:

Hand Weapons
 e - a +0 dagger (weapon)
Armour
 d - a +1 hat (worn)
Jewellery
 c - a ring of flight (left hand)
Wands
 i - a wand of scattershot (5)
Scrolls
 a - 4 scrolls of identify
 h - a scroll of teleportation
Comestibles
 b - 5 rations
 f - a chunk of flesh


   Skills:
 - Level 2.3(1.2) Dodging
 - Level 1.7(0.6) Stealth
 + Level 2.9(1.7) Spellcasting
 * Level 5.1(3.8) Necromancy


You had 4 spell levels left.
You knew the following spells:

 Your Spells              Type           Power        Failure   Level  Hunger
a - Pain                  Necr           ##..         4%          1    ##.....
b - Vampiric Draining     Necr           ##........   12%         3    ####...


Dungeon Overview and Level Annotations

Branches:
Dungeon (3/15)

Altars:

Annotations:
D:3 JeffiDaFish's ghost, amateur DrNe


Innate Abilities, Weirdness & Mutations

Your plain brown scales are hard. (AC +5)
You cannot fit into any form of body armour.
You are cold-blooded and may be slowed by cold attacks.


Message History

JeffiDaFish's ghost is heavily damaged.
JeffiDaFish's ghost misses you.
You hit JeffiDaFish's ghost but do no damage.
Your tail-slap misses JeffiDaFish's ghost.
JeffiDaFish's ghost is heavily damaged.
JeffiDaFish's ghost hits you but does no damage.
You feel drained.
You barely miss JeffiDaFish's ghost.
JeffiDaFish's ghost is heavily damaged.
JeffiDaFish's ghost casts a spell at you.
Pain shoots through your body!
* * * LOW HITPOINT WARNING * * *
You hit JeffiDaFish's ghost but do no damage.
JeffiDaFish's ghost is heavily damaged.
JeffiDaFish's ghost hits you but does no damage.
You feel drained.
JeffiDaFish's ghost whispers, "The ORB doesn't exist."
JeffiDaFish's ghost gestures at you while chanting.
Pain shoots through your body!
You die...

##W......######.##.#
##.....## ####.#
##...## #.#
##'############.#
#.# #..........# #.#
#g#######..#
##W###.# #..#
##...##.# #####..#
#.....#.# #.W.@.<#
##...##.###.###.##
#####.###.........#
..............#####
#####.######### #.#
#.# #.# #.#


You could see JeffiDaFish's ghost.

Vanquished Creatures
  A scorpion (D:3)
  An adder (D:2)
  2 oozes (D:1)
  A dart slug (D:2)
  3 ball pythons
  A giant cockroach (D:1)
  5 goblins
  6 hobgoblins
  3 jackals (D:1)
  A frilled lizard (D:2)
  7 kobolds
  5 rats
36 creatures vanquished.

Notes
Turn   | Place    | Note
-------+----------+-------------------------------------------
     0 | D:1      | JeffiDaFish the Draconian Necromancer began the quest for the Orb.
     0 | D:1      | Reached XP level 1. HP: 14/14 MP: 3/3
   409 | D:1      | Reached XP level 2. HP: 16/20 MP: 1/5
  2035 | D:2      | Reached XP level 3. HP: 21/26 MP: 0/6
  2231 | D:2      | Learned a level 3 spell: Vampiric Draining
  2768 | D:3      | Noticed a scorpion
  2779 | D:3      | Killed a scorpion
  2779 | D:3      | Reached skill level 5 in Necromancy
  2779 | D:3      | Reached XP level 4. HP: 20/33 MP: 0/8
  2995 | D:3      | Noticed JeffiDaFish's ghost (amateur DrNe)
  3046 | D:3      | Killed from afar by JeffiDaFish's ghost

Vault maps used:
D:1:      dpeg_arrival_radiant

Skill      XL: |  1  2  3 |
---------------+----------+-----
Dodging        | 2 |  2.3
Necromancy     | 5 |  5.1
Stealth        | |  1.7
Spellcasting   | |  2.9

Action                   |  1- 3 |  4- 6 || total
-------------------------+-------+-------++-------
Melee: Unarmed           |    30 |       ||    30
       Tailslap          |     9 |     2 ||    11
       Dagger            |    27 |    21 ||    48
 Cast: Pain              |    58 |     2 ||    60
       Vampiric Draining |       |     1 ||     1
  Use: Scroll            |     3 |       ||     3
       Potion            |     1 |     1 ||     2
  Eat: Chunk             |     6 |     1 ||     7
Armor: Skin              |    12 |     2 ||    14
Dodge: Dodged            |    39 |     8 ||    47

Table legend:
 A = Spawn XP
 B = Non-spawn XP
 C = Spawn XP percentage of total XP
 D = Spawn monster count
 E = Non-spawn monster count
 F = Spawn count percentage of total count
 G = Total turns spent on level
                    A         B        C        D         E        F      G
               +---------+---------+-------+---------+---------+-------+---------
         Total |       0 |     148 |   0.0 |       0 |      36 |   0.0 |  3046
               +---------+---------+-------+---------+---------+-------+---------
           D:1 |       0 |      39 |   0.0 |       0 |      17 |   0.0 |  2027
           D:2 |       0 |      37 |   0.0 |       0 |      15 |   0.0 |   718
           D:3 |       0 |      72 |   0.0 |       0 |       4 |   0.0 |   301
               +---------+---------+-------+---------+---------+-------+---------
